[Event "Titled Tuesday Blitz November 08 Early 2022"]
[White "Osmonbekov, Talaibek"]
[Black "Goncalves, Davi Sulzbacher"]
[WhiteFideId "2017253"]
[BlackFideId "2154510"]
[WhiteElo "2135"]
[BlackElo "2182"]
[Result "0-1"]
[Round "09"]
[TimeControl "180+1"]
[Date "2022.11.09"]
[WhiteClock "0:00:07"]
[BlackClock "0:00:15"]

1. d4 e6 2. e4 c5 3. d5 exd5 4. exd5 g6 5. d6 Bg7 6. Bc4 Nf6 7. Qe2+ Kf8 8. Nf3 Qe8 9. Be3 b6 10. O-O Bb7 11. Nc3 Nc6 12. Rfe1 Ng4 13. Qd2 Nce5 14. Bd5 Nxf3+ 15. gxf3 Bxd5 16. Nxd5 Ne5 17. Qd1 Qe6 18. Nc7 Qh3 19. Bf4 Nxf3+ 20. Kh1 Nxe1 21. Qxe1 Qf3+ 22. Kg1 Qxf4 23. Qe7+ Kg8 24. Nxa8 Be5 25. Re1 Bxd6 26. Qxd7 Kg7 27. Rd1 Qxh2+ 28. Kf1 Be5 29. Qxa7 Qh1+ 30. Ke2 Qxa8 31. Qxb6 Re8 32. Kd2 Bf4+ 33. Kc3 Qf3+ 34. Rd3 Be5+ 35. Kb3 Qf4 36. Qxc5 Rb8+ 0-1


[Site "https://www.chess.com"]

[Event "Titled Tuesday Blitz November 08 Early 2022"]
[White "Ovchinnikov, Vsevolod"]
[Black "Melikhov, Evgeny V."]
[WhiteFideId "24176842"]
[BlackFideId "4122046"]
[WhiteElo "2376"]
[BlackElo "2169"]
[Result "1-0"]
[Round "09"]
[TimeControl "180+1"]
[Date "2022.11.09"]
[WhiteClock "0:00:06"]
[BlackClock "0:00:07"]

1. d4 Nf6 2. c4 e6 3. g3 d5 4. Nf3 dxc4 5. Bg2 Nc6 6. Qa4 Bb4+ 7. Bd2 Bd6 8. O-O O-O 9. Bc3 Ne4 10. Nbd2 Nxc3 11. bxc3 a6 12. Qxc4 e5 13. e3 Qe8 14. Ng5 h6 15. Nge4 Na5 16. Qd3 f5 17. Nxd6 cxd6 18. c4 e4 19. Qa3 Qd8 20. Rac1 Be6 21. c5 d5 22. Rb1 Qc7 23. Rb6 Nc6 24. Rfb1 Ra7 25. f3 Bc8 26. f4 Be6 27. Qb2 Bc8 28. Nb3 Rd8 29. Qa3 Kh8 30. Na5 Nxa5 31. Qxa5 Bd7 32. Rxh6+ gxh6 33. Qxc7 Raa8 34. Rxb7 Rac8 35. Qb6 Bc6 36. Rc7 Rxc7 37. Qxc7 1-0


[Site "https://www.chess.com"]

[Event "Titled Tuesday Blitz November 08 Early 2022"]
[White "Ozen, Bahadir"]
[Black "Lewtak, Damian"]
[WhiteFideId "6337058"]
[BlackFideId "1141724"]
[WhiteElo "2503"]
[BlackElo "2329"]
[Result "1-0"]
[Round "09"]
[TimeControl "180+1"]
[Date "2022.11.08"]
[WhiteClock "0:00:06"]
[BlackClock "0:00:02"]

1. g3 d6 2. Bg2 g6 3. Nf3 Bg7 4. O-O Nf6 5. d3 O-O 6. e4 a5 7. a4 e5 8. Nh4 d5 9. Nd2 Nc6 10. Re1 dxe4 11. dxe4 g5 12. Nf5 Bxf5 13. exf5 Qd7 14. Ne4 Qxf5 15. Nxf6+ Qxf6 16. c3 Rab8 17. Be4 Rfd8 18. Qg4 h6 19. Be3 Ne7 20. Ba7 Ra8 21. Bc5 Rab8 22. Ba7 Ra8 23. Be3 Rab8 24. Rad1 b6 25. Kg2 Qe6 26. Qxe6 fxe6 27. h3 Kf7 28. Kf3 Nf5 29. Ke2 Bf8 30. Bc1 Bc5 31. Rf1 Ke7 32. Rxd8 Rxd8 33. Bc2 Kf6 34. Be4 Be7 35. Be3 Bc5 36. Bc1 h5 37. g4 hxg4 38. hxg4 Nh4 39. Be3 Ng6 40. Rh1 Bxe3 41. fxe3 Rh8 42. Rxh8 Nxh8 43. b4 Nf7 44. bxa5 bxa5 45. Kd3 Nd6 46. Bc6 Ke7 47. Bf3 Kd7 48. Bg2 Ne8 49. Kc4 Nf6 50. Bf3 e4 51. Be2 Nd5 52. Kd4 Kd6 53. c4 c5+ 54. Kxe4 Nc3+ 55. Kd3 Nxa4 56. Bd1 Nb6 57. Kc3 Ke5 58. Bc2 Kd6 59. Kd3 Nd7 60. Bd1 Ne5+ 61. Kc3 Nf7 62. Bc2 Nd8 63. Bd1 Nc6 64. Bf3 Nb8 65. Kb3 Kc7 66. Ka4 Kb6 67. Bd1 Nc6 68. Kb3 Nb4 69. Be2 Na6 70. Ka4 Nc7 71. Bd1 Ne8 72. Kb3 Nd6 73. Be2 Nc8 74. Bd1 Kc6 75. Ka4 Kb6 76. Kb3 Nd6 77. Be2 Ne4 78. Bd3 Nf2 79. Be2 Kc6 80. Ka4 Kb6 81. Kb3 Nh1 82. Ka4 Ng3 83. Bd3 e5 84. Kb3 e4 85. Bc2 Kc6 86. Kc3 Kd6 87. Kd2 Ke5 88. Ke1 Nf5 89. gxf5 Kxf5 90. Kf2 Ke5 91. Kg3 Kf5 92. Ba4 g4 93. Kh4 1-0


[Site "https://www.chess.com"]

[Event "Titled Tuesday Blitz November 08 Early 2022"]
[White "Padmini, Rout"]
[Black "Yuan, Qingyu"]
[WhiteFideId "5029295"]
[BlackFideId "8609772"]
[WhiteElo "2545"]
[BlackElo "2782"]
[Result "0-1"]
[Round "09"]
[TimeControl "180+1"]
[Date "2022.11.09"]
[WhiteClock "0:00:15"]
[BlackClock "0:00:23"]

1. e4 c6 2. d4 d5 3. exd5 cxd5 4. c4 Nf6 5. Nc3 Nc6 6. Nf3 a6 7. cxd5 Nxd5 8. Bc4 Be6 9. Qe2 Rc8 10. Bb3 g6 11. O-O Bg7 12. Rd1 O-O 13. Ng5 Nxc3 14. bxc3 Bd5 15. Ba3 Qa5 16. Bxd5 Qxd5 17. Ne4 b5 18. Nc5 Ra8 19. Rac1 Rfd8 20. Nd3 Qc4 21. Nf4 Qa4 22. Bc5 e5 23. dxe5 Qxf4 24. Bd6 Bxe5 25. g3 Qf6 26. Bxe5 Nxe5 27. Kg2 Qc6+ 28. f3 Nc4 29. Rd4 Re8 30. Re4 Rxe4 31. fxe4 Re8 32. Re1 Nd6 33. Kg1 Rxe4 34. Qf2 0-1


[Site "https://www.chess.com"]

[Event "Titled Tuesday Blitz November 08 Early 2022"]
[White "Pakleza, Zbigniew"]
[Black "Maghsoodloo, Parham"]
[WhiteFideId "1119290"]
[BlackFideId "12539929"]
[WhiteElo "2411"]
[BlackElo "2676"]
[Result "0-1"]
[Round "09"]
[TimeControl "180+1"]
[Date "2022.11.08"]
[WhiteClock "0:00:03"]
[BlackClock "0:01:24"]

1. d4 d5 2. Bf4 c5 3. c3 Nc6 4. e3 Nf6 5. Nd2 Qb6 6. Qb3 c4 7. Qc2 g6 8. e4 dxe4 9. Bxc4 Bf5 10. Qb3 e6 11. Qxb6 axb6 12. h3 h5 13. Ne2 Nd5 14. Be3 h4 15. g4 hxg3 16. Nxg3 Nxe3 17. fxe3 Rh4 18. d5 Ne5 19. dxe6 fxe6 20. Be2 Bh6 21. Kf2 Ke7 22. Bg4 Rf8 23. Kg2 Bxe3 24. Ndxe4 Nxg4 25. hxg4 Bxe4+ 26. Nxe4 Rxg4+ 27. Ng3 Bf4 28. Rh3 Rf5 29. Rf1 Rfg5 30. Rf3 Rh5 31. a4 e5 32. b4 Ke6 33. Kh2 e4 0-1


[Site "https://www.chess.com"]

[Event "Titled Tuesday Blitz November 08 Early 2022"]
[White "Perez Gormaz, Matias"]
[Black "Rakhmanov, Aleksandr"]
[WhiteFideId "3406342"]
[BlackFideId "4173708"]
[WhiteElo "2341"]
[BlackElo "2530"]
[Result "0-1"]
[Round "09"]
[TimeControl "180+1"]
[Date "2022.11.08"]
[WhiteClock "0:00:01"]
[BlackClock "0:00:06"]

1. e4 c5 2. Nf3 Nf6 3. e5 Nd5 4. c3 d6 5. exd6 e6 6. g3 Bxd6 7. Bg2 O-O 8. O-O Nc6 9. d4 cxd4 10. Nxd4 Bd7 11. c4 Nde7 12. Nb5 Bc5 13. N1c3 Nf5 14. Ne4 Be7 15. Bf4 e5 16. Bd2 Be6 17. b3 Nfd4 18. Nec3 a6 19. Nxd4 exd4 20. Nd5 Re8 21. Re1 Bf8 22. Bf4 Rc8 23. a3 b5 24. h4 bxc4 25. bxc4 Na5 26. Bg5 f6 27. Bd2 Nxc4 28. Nf4 Bf7 29. Bb4 Rxe1+ 30. Qxe1 Bxb4 31. axb4 Qd6 32. Rd1 Ne5 33. Qe4 Rd8 34. Qb7 d3 35. Be4 d2 36. Qa7 Qxb4 37. Qxa6 Qxe4 38. Qa5 Qa8 39. Qc3 Nf3+ 40. Kh1 h6 41. Ng2 Ne1 42. f3 Nxf3 0-1


[Site "https://www.chess.com"]

[Event "Titled Tuesday Blitz November 08 Early 2022"]
[White "Piesik, Piotr"]
[Black "Ristic, Nebojsa B"]
[WhiteFideId "1136194"]
[BlackFideId "935468"]
[WhiteElo "2731"]
[BlackElo "2551"]
[Result "1-0"]
[Round "09"]
[TimeControl "180+1"]
[Date "2022.11.09"]
[WhiteClock "0:00:19"]
[BlackClock "0:00:02"]

1. Nf3 Nf6 2. g3 b6 3. Bg2 Bb7 4. O-O g6 5. c4 Bg7 6. Nc3 O-O 7. d3 e6 8. e4 d6 9. Ne1 e5 10. f4 Nc6 11. Nc2 a5 12. f5 Nd4 13. Ne3 Nd7 14. Bh3 Nc5 15. Ncd5 f6 16. fxg6 hxg6 17. Nc2 Nxc2 18. Qxc2 c6 19. Ne3 Bc8 20. Bxc8 Qxc8 21. Bd2 Qh3 22. Rf3 Ne6 23. Qd1 Nd4 24. Rf2 Bh6 25. Ng2 f5 26. exf5 Rxf5 27. Bxh6 Rxf2 28. Kxf2 Qxh6 29. h4 Rf8+ 30. Kg1 Rf3 31. Kh2 Qh5 32. Qd2 Qg4 33. Qg5 Qxg5 34. hxg5 Rxd3 35. Nh4 Kg7 36. Rf1 Rd2+ 37. Kh3 e4 38. Rf6 Nf5 39. Rxg6+ Kh7 40. Re6 Nxh4 41. gxh4 d5 42. cxd5 cxd5 43. h5 Rxb2 44. Re7+ Kg8 45. h6 Rb1 46. Kg4 Rg1+ 47. Kf5 Kf8 48. Rb7 e3 49. h7 Rh1 50. Kf6 Rf1+ 51. Kg6 Rh1 52. Kf6 Rf1+ 53. Ke6 Rh1 54. g6 e2 55. g7+ Ke8 56. Rb8# 1-0


[Site "https://www.chess.com"]

[Event "Titled Tuesday Blitz November 08 Early 2022"]
[White "Pinheiro, Iung Alicio de O."]
[Black "Khamdamova, Afruza"]
[WhiteFideId "2104350"]
[BlackFideId "14210444"]
[WhiteElo "2283"]
[BlackElo "2018"]
[Result "1-0"]
[Round "09"]
[TimeControl "180+1"]
[Date "2022.11.09"]
[WhiteClock "0:00:07"]
[BlackClock "0:00:09"]

1. e4 e5 2. Bc4 Nf6 3. d3 Nc6 4. Nc3 Bc5 5. f4 d6 6. Nf3 Ng4 7. Ng5 O-O 8. f5 Bf2+ 9. Kf1 Ne3+ 10. Bxe3 Bxe3 11. h4 Bxg5 12. hxg5 Qxg5 13. Nd5 Nd4 14. Rh5 Qd8 15. c3 c6 16. cxd4 cxd5 17. Bxd5 exd4 18. Kf2 Qf6 19. Qg4 Be6 20. Rah1 Rfc8 21. Rxh7 Kf8 22. Bxe6 fxe6 23. Kf3 exf5 24. exf5 Re8 25. Rh8+ Kf7 26. Qh5+ g6 27. Qh7+ Qg7 28. fxg6+ Kf6 29. Qh4+ Kxg6 30. Qg4+ Kf6 31. R1h6+ Kf7 32. Qf5+ 1-0


[Site "https://www.chess.com"]

[Event "Titled Tuesday Blitz November 08 Early 2022"]
[White "Postny, Evgeny"]
[Black "Harsha Bharathakoti"]
[WhiteFideId "2804344"]
[BlackFideId "5078776"]
[WhiteElo "2476"]
[BlackElo "2523"]
[Result "1-0"]
[Round "09"]
[TimeControl "180+1"]
[Date "2022.11.08"]
[WhiteClock "0:00:11"]
[BlackClock "0:00:01"]

1. Nf3 b6 2. g3 Bb7 3. Bg2 g6 4. O-O Bg7 5. d4 Nf6 6. c4 O-O 7. Nc3 Ne4 8. Bd2 Nxd2 9. Qxd2 e6 10. e4 d6 11. Rad1 Nd7 12. Rfe1 Re8 13. h4 h6 14. d5 a5 15. Nd4 Nc5 16. dxe6 fxe6 17. e5 dxe5 18. Bxb7 exd4 19. Bxa8 Qxa8 20. Nb5 Rd8 21. Nxc7 Qc6 22. Nb5 e5 23. b3 e4 24. Qf4 d3 25. h5 gxh5 26. Qf5 Kh8 27. Qxh5 Rf8 28. Re3 Qf6 29. Rf1 Qb2 30. Nd6 d2 31. Nf7+ Kh7 32. Ng5+ Kg8 33. Nxe4 Ne6 34. Qd5 1-0


[Site "https://www.chess.com"]

[Event "Titled Tuesday Blitz November 08 Early 2022"]
[White "Pranav, V"]
[Black "Galperin, Platon"]
[WhiteFideId "25060783"]
[BlackFideId "14165414"]
[WhiteElo "2430"]
[BlackElo "2435"]
[Result "1-0"]
[Round "09"]
[TimeControl "180+1"]
[Date "2022.11.08"]
[WhiteClock "0:02:22"]
[BlackClock "0:01:18"]

1. e4 e5 2. Nf3 Nc6 3. Bc4 Nf6 4. Ng5 d5 5. exd5 b5 6. Bf1 Nxd5 7. Bxb5 Bb7 8. d4 Be7 9. Nf3 a6 10. Bxc6+ Bxc6 11. Nxe5 Bb7 12. O-O O-O 13. c4 Nf6 14. Nc3 Re8 15. Re1 h6 16. Bf4 Bd6 17. Bg3 Qc8 18. c5 Bf8 19. c6 Bxc6 20. Nxc6 Rxe1+ 21. Qxe1 Qd7 22. d5 Nxd5 23. Nxd5 Qxd5 24. Ne7+ Bxe7 25. Qxe7 c5 26. h3 Rd8 27. b3 Qd4 28. Rc1 c4 29. Rxc4 Qa1+ 30. Kh2 Rd1 31. Rc8+ Kh7 32. Qe4+ g6 33. Be5 Qxe5+ 34. Qxe5 Rd2 35. Rh8# 1-0


[Site "https://www.chess.com"]

[Event "Titled Tuesday Blitz November 08 Early 2022"]
[White "Prem, Pranav"]
[Black "Levitan, Caleb Levi"]
[WhiteFideId "30901057"]
[BlackFideId "14332620"]
[WhiteElo "1970"]
[BlackElo "1963"]
[Result "1-0"]
[Round "09"]
[TimeControl "180+1"]
[Date "2022.11.09"]
[WhiteClock "0:00:05"]
[BlackClock "0:00:02"]

1. d4 Nf6 2. c4 e6 3. Nf3 d5 4. Nc3 Bb4 5. Qb3 Nc6 6. Bg5 O-O 7. e3 dxc4 8. Bxc4 h6 9. Bh4 Be7 10. Qc2 Nd5 11. Bxe7 Ncxe7 12. O-O b6 13. Rac1 Bb7 14. Ne5 Nc6 15. Nxc6 Bxc6 16. Nxd5 Bxd5 17. Ba6 Qe7 18. e4 Bxa2 19. Ra1 Qb4 20. Rxa2 Qxd4 21. Qxc7 Rad8 22. h3 Rd7 23. Qc2 Rfd8 24. Raa1 Qb4 25. Rad1 Rd2 26. Rxd2 Rxd2 27. Qc8+ Kh7 28. Qc7 Qxe4 29. Qxf7 Rxb2 30. Rd1 Qf5 31. Bd3 Kh8 32. Bxf5 exf5 33. Rd7 Kh7 34. Qxg7# 1-0


[Site "https://www.chess.com"]

[Event "Titled Tuesday Blitz November 08 Early 2022"]
[White "Prydun, Andriy"]
[Black "Bilan, Danila"]
[WhiteFideId "14145898"]
[BlackFideId "24161918"]
[WhiteElo "2163"]
[BlackElo "2173"]
[Result "0-1"]
[Round "09"]
[TimeControl "180+1"]
[Date "2022.11.09"]
[WhiteClock "0:00:03"]
[BlackClock "0:00:04"]

1. d4 d5 2. Nc3 Nf6 3. Bf4 a6 4. e3 Bf5 5. f3 e6 6. g4 Bg6 7. h4 h6 8. Bd3 Bxd3 9. cxd3 Bd6 10. Nge2 c5 11. dxc5 Bxc5 12. d4 Bd6 13. Kf2 Nc6 14. Rc1 O-O 15. Bxd6 Qxd6 16. Nf4 b5 17. g5 Nh7 18. Qd3 Ne7 19. Rcg1 Kh8 20. gxh6 gxh6 21. Rg5 hxg5 22. hxg5 Ng6 23. Rh6 Rg8 24. Qb1 Rg7 25. Nce2 Kg8 26. Qc1 Nxg5 27. Qh1 Kf8 28. Qh5 Qe7 29. Rh8+ Nxh8 30. Qxh8+ Rg8 31. Qh6+ Ke8 32. Nh5 Nh3+ 33. Ke1 Kd8 34. Nf6 Kc7 35. Nxg8 Rxg8 36. Qxh3 Qg5 37. Qh2+ Kd7 38. Kf2 Qg7 39. Qh3 Rh8 40. Qg2 Qxg2+ 41. Kxg2 Rc8 42. Nc3 b4 43. Na4 Rc2+ 44. Kg3 a5 45. Kf4 Kd6 46. e4 Rc4 47. e5+ Kc6 48. Ke3 Kb5 49. b3 Rc2 50. Nc5 Rxc5 51. dxc5 Kxc5 52. Kd3 Kb5 53. Ke3 Kc5 54. Kd3 Kc6 55. Ke3 Kd7 56. Kd3 Ke7 57. Ke3 f6 58. f4 fxe5 59. fxe5 Kf7 60. Kf3 Kg6 61. Kg4 Kh6 62. Kh4 Kg6 63. Kg4 d4 64. Kf4 Kh5 65. Ke4 Kg5 66. Kxd4 Kf4 67. Kc5 Kxe5 68. Kb5 Kd4 69. Kxa5 Kc3 70. Kb5 e5 0-1


[Site "https://www.chess.com"]

[Event "Titled Tuesday Blitz November 08 Early 2022"]
[White "Pultinevicius, Paulius"]
[Black "Dubov, Daniil"]
[WhiteFideId "12809390"]
[BlackFideId "24126055"]
[WhiteElo "2493"]
[BlackElo "2791"]
[Result "0-1"]
[Round "09"]
[TimeControl "180+1"]
[Date "2022.11.08"]
[WhiteClock "0:00:01"]
[BlackClock "0:01:03"]

1. b3 e5 2. Bb2 Nc6 3. g3 g6 4. Bg2 Nge7 5. Nf3 Bg7 6. O-O O-O 7. Qc1 d5 8. d3 h6 9. Nbd2 Be6 10. a3 a5 11. c4 d4 12. Ne1 Qd7 13. Nc2 Bh3 14. b4 Bxg2 15. Kxg2 f5 16. b5 Nd8 17. f4 exf4 18. Rf2 fxg3 19. hxg3 Ne6 20. Qh1 Rf7 21. Raf1 Raf8 22. Kg1 c6 23. a4 c5 24. Nb3 b6 25. Bc1 Qd6 26. Kg2 f4 27. Bxf4 Nxf4+ 28. Rxf4 Rxf4 29. Rxf4 Rxf4 30. gxf4 Qxf4 31. Qh2 Qxh2+ 32. Kxh2 Kf7 33. Kg2 Nf5 34. Kf3 g5 35. Nd2 Be5 36. Ne4 Kg6 37. Na1 Ne3 38. Nb3 g4+ 39. Kf2 h5 40. Nexc5 bxc5 41. Nxc5 h4 42. Nd7 Bg3+ 43. Kg1 h3 44. b6 h2+ 45. Kh1 Bf4 46. b7 g3 47. b8=Q Bxb8 48. Nxb8 Kf5 49. Nc6 Kg4 50. Nxd4 Kh3 51. Nf3 g2# 0-1


[Site "https://www.chess.com"]

[Event "Titled Tuesday Blitz November 08 Early 2022"]
[White "Putnam, Liam"]
[Black "Storey, Charles H"]
[WhiteFideId "30938279"]
[BlackFideId "406686"]
[WhiteElo "2082"]
[BlackElo "2252"]
[Result "1/2-1/2"]
[Round "09"]
[TimeControl "180+1"]
[Date "2022.11.09"]
[WhiteClock "0:00:03"]
[BlackClock "0:00:04"]

1. Nf3 g6 2. c4 Bg7 3. Nc3 c5 4. d4 cxd4 5. Nxd4 Nc6 6. Nc2 Bxc3+ 7. bxc3 b6 8. e4 d6 9. Nb4 Qc7 10. f3 Nf6 11. Bg5 Nxb4 12. cxb4 O-O 13. Qd4 Be6 14. Be2 Rfc8 15. Rc1 a5 16. b5 Qc5 17. Qxc5 dxc5 18. Kf2 Rd8 19. Rhd1 Kf8 20. Bf4 Ke8 21. Bc7 Rxd1 22. Rxd1 Nd7 23. Ke3 Rc8 24. Bg3 f6 25. f4 Nf8 26. Bf2 Bf7 27. g4 Ne6 28. Kf3 g5 29. f5 Nf4 30. Bf1 h5 31. h3 hxg4+ 32. hxg4 Rd8 33. Rxd8+ Kxd8 34. Be3 e5 35. fxe6 Nxe6 36. Ke2 Kc7 37. Kd3 Kd6 38. Bf2 Ke5 39. Bg3+ Nf4+ 40. Ke3 a4 41. a3 Be6 42. Be2 Bg8 43. Bf1 Bf7 44. Be2 Be6 45. Bf1 Bxg4 46. Bd3 Be6 47. Be2 Bh3 48. Bd3 Bd7 49. Be2 f5 50. Bd3 fxe4 51. Bxe4 Bf5 52. Bf3 Bc2 53. Be2 Bb3 54. Bd3 Ba2 55. Be2 Bb1 56. Bd1 Ba2 57. Be2 Bb3 58. Bd3 Bd1 59. Bh2 Bb3 60. Bg3 1/2-1/2


[Site "https://www.chess.com"]

[Event "Titled Tuesday Blitz November 08 Early 2022"]
[White "Raahul V S"]
[Black "Omariev, Maksim"]
[WhiteFideId "25035525"]
[BlackFideId "4193423"]
[WhiteElo "2233"]
[BlackElo "2418"]
[Result "0-1"]
[Round "09"]
[TimeControl "180+1"]
[Date "2022.11.09"]
[WhiteClock "0:01:00"]
[BlackClock "0:01:09"]

1. Nf3 d5 2. g3 Nf6 3. Bg2 c6 4. O-O Bf5 5. d3 e6 6. Nbd2 h6 7. b3 Be7 8. Bb2 O-O 9. a3 Bh7 10. e3 a5 11. Qe2 b5 12. e4 Na6 13. Nd4 Rc8 14. f4 Qb6 15. Kh1 dxe4 16. dxe4 Rfd8 17. N4f3 Ng4 18. h3 Ne3 19. Bd4 Nxf1 20. Rxf1 Rxd4 21. Qe3 c5 22. Nxd4 cxd4 23. Qd3 Rc3 24. Qe2 Rxc2 25. Qd3 0-1


[Site "https://www.chess.com"]

[Event "Titled Tuesday Blitz November 08 Early 2022"]
[White "Roque Sola, Gisela"]
[Black "Muminova, Nafisa"]
[WhiteFideId "5120241"]
[BlackFideId "14201526"]
[WhiteElo "1961"]
[BlackElo "2258"]
[Result "1/2-1/2"]
[Round "09"]
[TimeControl "180+1"]
[Date "2022.11.09"]
[WhiteClock "0:00:09"]
[BlackClock "0:00:06"]

1. e4 e6 2. d4 d5 3. Nd2 Nf6 4. e5 Nfd7 5. Bd3 c5 6. c3 Nc6 7. Ne2 cxd4 8. cxd4 f6 9. exf6 Qxf6 10. O-O Bd6 11. Nf3 O-O 12. Bg5 Qf7 13. Bh4 Qh5 14. Bg3 e5 15. dxe5 Ndxe5 16. Nxe5 Nxe5 17. Bc2 Nc4 18. Bxd6 Nxd6 19. Ng3 Qg5 20. Qd3 g6 21. Rad1 Be6 22. Rfe1 Bf7 23. Bb3 Nc4 24. Qd4 Rad8 25. h4 Qh6 26. h5 Qg7 27. hxg6 hxg6 28. Qg4 Nxb2 29. Rd2 Nc4 30. Rd4 Rfe8 31. Rxe8+ Rxe8 32. Rd1 b5 33. a4 Be6 34. Qg5 a6 35. axb5 axb5 36. Ne2 Bf7 37. Nf4 Re5 38. Qg3 Re8 39. Kf1 Qf6 40. Nxd5 Bxd5 41. Rxd5 Qa1+ 42. Rd1 Qf6 43. Qd3 Qe6 44. Bxc4 bxc4 45. Qc2 Rc8 46. g3 Kg7 47. Kg2 c3 48. Rd3 Qc6+ 49. f3 Qc4 50. Re3 Rc6 51. Re7+ Kf6 52. Re4 Qc5 53. Rf4+ Kg7 54. g4 Qd5 55. Re4 Qd2+ 56. Re2 Qxc2 57. Rxc2 Kf6 58. Kf2 Ke5 59. Ke3 g5 60. Kd3 Rf6 61. Ke2 Rc6 62. Ke3 Kd5 63. Kd3 Rf6 64. Ke3 Re6+ 65. Kd3 Rf6 66. Rf2 Rc6 67. Kc2 Kd4 68. f4 Ke3 69. Rf1 gxf4 70. g5 f3 71. g6 Ke2 72. Rg1 f2 73. Rg2 Kf3 74. g7 Kxg2 75. g8=Q+ Kh2 76. Qh7+ Kg1 77. Qg7+ Kh2 78. Qh7+ Kg1 79. Qg7+ Kh2 80. Qh7+ 1/2-1/2


[Site "https://www.chess.com"]

[Event "Titled Tuesday Blitz November 08 Early 2022"]
[White "Rose, Felix"]
[Black "Gronnestad, Anita"]
[WhiteFideId "5105722"]
[BlackFideId "1502972"]
[WhiteElo "2039"]
[BlackElo "1939"]
[Result "1-0"]
[Round "09"]
[TimeControl "180+1"]
[Date "2022.11.09"]
[WhiteClock "0:00:20"]
[BlackClock "0:00:17"]

1. e4 c6 2. d4 d5 3. e5 c5 4. dxc5 Nc6 5. f4 e6 6. Be3 Nge7 7. Nf3 Nf5 8. Bf2 d4 9. g4 Qa5+ 10. Qd2 Ne3 11. Qxa5 Nxa5 12. Bxe3 dxe3 13. b4 Nc6 14. Bb5 a5 15. c3 Bd7 16. Bxc6 Bxc6 17. Ke2 g5 18. Kxe3 gxf4+ 19. Kxf4 axb4 20. cxb4 Bh6+ 21. Kg3 Bg7 22. Nbd2 Bxe5+ 23. Nxe5 Bxh1 24. Rxh1 Rxa2 25. Ne4 O-O 26. Rd1 f5 27. Nd6 f4+ 28. Kh3 Rf6 29. g5 Rf8 30. Ne4 f3 31. Nf6+ Kh8 32. Rd7 Rxf6 33. gxf6 Rd2 34. Rxd2 h5 35. Kh4 1-0


[Site "https://www.chess.com"]

[Event "Titled Tuesday Blitz November 08 Early 2022"]
[White "Rustemov, Alexander"]
[Black "Namitbir Singh Walia"]
[WhiteFideId "4119002"]
[BlackFideId "35071068"]
[WhiteElo "2662"]
[BlackElo "2239"]
[Result "0-1"]
[Round "09"]
[TimeControl "180+1"]
[Date "2022.11.09"]
[WhiteClock "0:00:01"]
[BlackClock "0:00:12"]

1. d4 Nf6 2. c4 e6 3. Nf3 Bb4+ 4. Bd2 Qe7 5. g3 Nc6 6. Nc3 Bxc3 7. Bxc3 O-O 8. Bg2 Ne4 9. Qc2 Nxc3 10. Qxc3 Qb4 11. Qxb4 Nxb4 12. Kd2 d6 13. a3 Nc6 14. Kc3 a5 15. b4 Bd7 16. Rhb1 Rab8 17. Ne1 e5 18. dxe5 Nxe5 19. Nd3 Nxd3 20. exd3 b6 21. bxa5 bxa5 22. Re1 Rfe8 23. Rab1 Red8 24. Rxb8 Rxb8 25. Re7 Rd8 26. Bd5 c6 27. Bf3 Kf8 28. Re2 Rb8 29. d4 a4 30. Rb2 Rxb2 31. Kxb2 c5 32. Kc3 Ke7 33. Bd1 Kd8 34. h4 Ke7 35. Bc2 h5 36. Bd1 g6 37. Kd3 Kf6 38. Ke3 Kf5 39. f3 Kf6 40. dxc5 dxc5 41. Kf4 Bc6 42. g4 hxg4 43. fxg4 Bd7 44. g5+ Ke7 45. Ke5 Bc6 46. Bc2 Kd7 47. Kf6 Ke8 48. Bd1 Kf8 49. Bg4 Be4 50. Bd7 Bd3 51. Bxa4 Bxc4 52. Bc2 Ke8 53. Ke5 Kd7 54. Ba4+ Kc7 55. Be8 Be6 56. a4 Kb6 57. Bb5 Ka5 58. Ke4 Bb3 59. Be8 Kb4 60. Kd3 c4+ 61. Kd2 c3+ 62. Kc1 Bd5 63. Bd7 Be4 64. Be8 Bd5 65. Bd7 Kc5 66. a5 Kd6 67. Be8 Ke7 68. Bb5 Be4 69. a6 Kd8 70. Bc4 Kc7 71. Bxf7 Kb6 72. Bc4 Ka7 73. Be2 Kb6 74. Kd1 Ka7 75. Ke1 Kb6 76. Bc4 Ka7 77. Ke2 Kb6 78. Ke3 Ka7 79. Bb3 Bf5 80. Kf4 c2 81. Bxc2 Bxc2 0-1


[Site "https://www.chess.com"]

[Event "Titled Tuesday Blitz November 08 Early 2022"]
[White "Safin, Robert"]
[Black "Wirig, Anthony"]
[WhiteFideId "34189120"]
[BlackFideId "615013"]
[WhiteElo "2538"]
[BlackElo "2779"]
[Result "1-0"]
[Round "09"]
[TimeControl "180+1"]
[Date "2022.11.09"]
[WhiteClock "0:00:02"]
[BlackClock "0:00:03"]

1. d4 Nf6 2. Nf3 d6 3. g3 Nc6 4. Bg2 e5 5. dxe5 dxe5 6. Qxd8+ Kxd8 7. Bg5 Be7 8. O-O Be6 9. Rd1+ Kc8 10. c3 Nd7 11. Bxe7 Nxe7 12. Nbd2 f6 13. Ne4 c6 14. Rd6 Bf5 15. Rad1 Kc7 16. Nh4 Rad8 17. Nxf5 Nxf5 18. R6d3 Nb6 19. Nc5 Rxd3 20. Rxd3 Re8 21. Bh3 g6 22. e4 Ng7 23. a4 a5 24. b4 Re7 25. bxa5 Nc4 26. a6 bxa6 27. Nxa6+ Kb6 28. Nb4 f5 29. Rd8 fxe4 30. Rb8+ Kc5 31. Rc8 Na5 32. Ra8 Nc4 33. a5 Nf5 34. a6 e3 35. fxe3 Nfxe3 36. a7 Nb6 37. Rc8 Rxa7 38. Rxc6+ Kb5 39. Kf2 Nbc4 40. Rc8 Rf7+ 41. Ke2 Ka4 42. Nd3 Kb3 43. Be6 Re7 44. h4 Kxc3 45. Bg8 e4 46. Nc5 Ra7 47. Ne6 Ra2+ 48. Ke1 Kd3 49. Nc5+ Kc3 50. Nxe4+ Kd3 51. Nf2+ Kd4 52. Rd8+ Kc3 53. Rd3+ Kb4 54. Bxc4 Nxc4 55. Ne4 Rg2 56. Kf1 Rh2 57. Nf2 Ne5 58. Rd4+ Kc5 59. Rf4 g5 60. Rf5 Kd4 61. Kg1 Rxf2 62. Kxf2 gxh4 63. gxh4 Ke4 64. Rh5 Ng4+ 65. Kg3 Nf6 66. Ra5 h6 67. Ra6 Kf5 68. Ra5+ Kg6 69. Kf4 Nh5+ 70. Ke5 Ng3 71. Ke6 Ne2 72. Ra2 Nf4+ 73. Ke5 Nd3+ 74. Ke4 Nc5+ 75. Kf4 Ne6+ 76. Kg4 h5+ 77. Kg3 Nd4 78. Ra6+ Kg7 79. Kf4 1-0


[Site "https://www.chess.com"]

[Event "Titled Tuesday Blitz November 08 Early 2022"]
[White "Schmidt, Tobias"]
[Black "Gheorghiu, Calin"]
[WhiteFideId "1271683"]
[BlackFideId "1200305"]
[WhiteElo "2328"]
[BlackElo "2225"]
[Result "0-1"]
[Round "09"]
[TimeControl "180+1"]
[Date "2022.11.09"]
[WhiteClock "0:00:47"]
[BlackClock "0:01:46"]

1. d3 d5 2. Nf3 c5 3. g3 Nc6 4. Bg2 e5 5. Nbd2 f6 6. e4 d4 7. a4 Be6 8. O-O Qd7 9. a5 g5 10. h4 h6 11. Ne1 Nge7 12. Nc4 O-O-O 13. c3 gxh4 14. gxh4 Rg8 15. Kh1 Bg4 16. Bf3 Bh3 17. Rg1 Rxg1+ 18. Kxg1 Ng6 19. h5 Nh4 20. Kh2 Be7 21. Bxh6 Rg8 22. Bd2 Bf1 23. Bg4 Rxg4 24. Nf3 Rg2+ 0-1


[Site "https://www.chess.com"]

[Event "Titled Tuesday Blitz November 08 Early 2022"]
[White "Shipov, Sergei"]
[Black "Bok, Benjamin"]
[WhiteFideId "4113624"]
[BlackFideId "1017063"]
[WhiteElo "2794"]
[BlackElo "2658"]
[Result "1-0"]
[Round "09"]
[TimeControl "180+1"]
[Date "2022.11.08"]
[WhiteClock "0:00:57"]
[BlackClock "0:00:07"]

1. d4 Nf6 2. c4 e6 3. Nc3 Bb4 4. Qc2 b6 5. a3 Bxc3+ 6. Qxc3 Bb7 7. Bg5 h6 8. Bh4 d6 9. e3 g5 10. Bg3 Ne4 11. Qc2 Nd7 12. Ne2 f5 13. Nc3 Nxg3 14. hxg3 Qe7 15. g4 Qf6 16. gxf5 exf5 17. Nd5 Bxd5 18. cxd5 Ke7 19. Bb5 Rac8 20. Ba6 Rcd8 21. Qxc7 Qf7 22. O-O Qxd5 23. Rac1 h5 24. Rfe1 h4 25. e4 fxe4 26. Bd3 Rc8 27. Bxe4 Rxc7 28. Bxd5+ Kd8 29. Rxc7 Kxc7 30. Re7 Kd8 31. Rg7 Re8 32. Kf1 Nf6 33. Bc6 Re7 34. Rxg5 Kc7 35. Bf3 Ne4 36. Bxe4 Rxe4 37. Rg7+ Kc6 38. Rxa7 Rxd4 39. Ke2 Kb5 40. b3 d5 41. Rh7 Kc5 42. Rh5 Re4+ 43. Kd3 Rg4 44. Ke3 Rxg2 45. Rxh4 Rg1 46. a4 Rb1 47. b4+ Kd6 48. Rh6+ Kc7 49. b5 Ra1 50. Kd4 Rd1+ 51. Ke5 Ra1 52. Rh7+ Kc8 53. Kxd5 Rxa4 54. Kc6 Kd8 55. Kxb6 Rf4 56. Rh8+ Kd7 57. Kb7 Rxf2 58. b6 Ra2 59. Rh1 Kd8 60. Rd1+ Ke7 61. Kc7 Rc2+ 62. Kb8 Rb2 63. b7 Ra2 64. Rd4 Ke8 65. Kc7 Rc2+ 66. Kb6 Rb2+ 67. Kc6 Ke7 68. Rd5 1-0


[Site "https://www.chess.com"]